 Dungeon Crawl Stone Soup version 0.30-a0-4-ga7cffc901d (webtiles) character file.

Game seed: 17107230620908773948

18 Setbun the Sneak (level 2, 0/16 HPs)
             Began as a Kobold Enchanter on Aug 20, 2022.
             Slain by a goblin
             ... wielding a +0 dagger
              (1 damage)
             ... on level 1 of the Dungeon.
             The game lasted 00:00:25 (571 turns).

Setbun the Sneak (Kobold Enchanter)                  Turns: 571, Time: 00:00:26

Health: 0/16       AC:  2    Str:  5    XL:     2   Next: 90%
Magic:  5/5        EV: 15    Int: 16    God:
Gold:   0          SH:  0    Dex: 15    Spells: 5/5 levels left

rFire   . . .      SeeInvis .    a - +1 dagger
rCold   . . .      Faith    .    (no shield)
rNeg    . . .      Spirit   .    b - +0 robe
rPois   .          Reflect  .    (no helmet)
rElec   .          Harm     .    (no cloak)
rCorr   .          Rampage  .    (no gloves)
Will    .....                    (no boots)
Stlth   ++++......               (no amulet)
HPRegen 0.05/turn                (no ring)
MPRegen 0.09/turn                (no ring)

@: no status effects
A: small, no large weapons, nightstalker 3
a: no special abilities


You were on level 1 of the Dungeon.
You visited 1 branch of the dungeon, and saw 1 of its levels.

Inventory:

Hand Weapons
 a - a +1 dagger (weapon)
Armour
 b - a +0 robe (worn)
Scrolls
 d - a scroll of amnesia {unknown}
Potions
 c - 2 potions of invisibility


   Skills:
 + Level 0.9 Fighting
 * Level 2.4 Short Blades
 + Level 2.8 Dodging
 + Level 4.3 Stealth
 - Level 2.1 Spellcasting
 - Level 3.0 Hexes


You had 5 spell levels left.
You didn't know any spells.
Your spell library contained the following spells:

 Spells                   Type           Power      Damage    Failure   Level
 Ensorcelled Hibernation  Hex/Ice        12%        N/A       17%         2
 Confusing Touch          Hex            11%        N/A       19%         3
 Tukima's Dance           Hex            11%        N/A       19%         3
 Dazzling Flash           Conj/Hex       12%        N/A       32%         3


Dungeon Overview and Level Annotations

Branches:
Dungeon (1/15)

Altars:


Innate Abilities, Weirdness & Mutations

You are small and have problems with some larger weapons.
You are completely attuned to the shadows.


Message History

You hit the goblin.
You kill the goblin!
The bat closely misses you.
You hit the dart slug.
The dart slug is moderately wounded.
The bat hits you. The bat completely misses you.
You hit the dart slug.
The dart slug is severely wounded.
The bat completely misses you. The bat misses you.
The dart slug launches a dart at you. The slug dart misses you.
The goblin closely misses you.
You hit the dart slug.
You kill the dart slug!
The bat hits you but does no damage.
The kobold hits you with a +0 short sword.
The goblin misses you. The kobold hits you but does no damage.
You hit the kobold.
The kobold is heavily wounded.
The bat barely misses you. The kobold closely misses you.
The goblin barely misses you.
You hit the kobold.
You kill the kobold!
The bat barely misses you. The goblin hits you with a +0 dagger.
You miss the bat. The bat misses you. The bat closely misses you.
You barely miss the bat. You punch the bat.
The bat is moderately wounded.
The bat closely misses you. x2; The goblin hits you with a +0 dagger.
* * * LOW HITPOINT WARNING * * *
You hit the bat but do no damage.
The bat is moderately wounded.
The bat hits you but does no damage. The bat hits you.
* * * LOW HITPOINT WARNING * * *
The goblin barely misses you. The goblin barely misses you.
The bat barely misses you.
Things that are here:
a +0 short sword; 5 stones; a kobold corpse You hit the goblin but do no damage.
The bat misses you. The goblin hits you with a +0 dagger.
You die...

#. ......... #.#
#...............
#..###........[......
#.†##...............
####..#...†....b.)....
....#...........g.....
###...?......†..@.....
.#####..............$.
..# #.......!........
..# #................
..# #...............
..# !........ ..# ..#
.##


You could see a goblin and a bat.

Vanquished Creatures
  A dart slug (D:1)
  A ball python (D:1)
  A giant cockroach (D:1)
  2 goblins (D:1)
  4 hobgoblins (D:1)
  A kobold (D:1)
  2 bats (D:1)
  2 frilled lizards (D:1)
  A rat (D:1)
15 creatures vanquished.

Notes
Turn   | Place    | Note
-------+----------+-------------------------------------------
     0 | D:1      | Setbun the Kobold Enchanter began the quest for the Orb.
     0 | D:1      | Reached XP level 1. HP: 10/10 MP: 3/3
   525 | D:1      | Reached XP level 2. HP: 16/16 MP: 5/5
   571 | D:1      | Slain by a goblin

Illustrated notes

Levels and vault maps discovered:
D:1:      dpeg_arrival_court, layout_rooms, dilly_ecumenical_altar_fadedgnrine,
          kennysheep_another_room, minivault_19, wad_floor_pattern_1

Skill      XL: |  1  2 |
---------------+-------+-----
Short Blades   | 2 |  2.4
Fighting       | |  0.9
Dodging        | |  2.8
Stealth        | |  4.3
Spellcasting   | |  2.1
Hexes          | |  3.0

Action                   || total
-------------------------++-------
Melee: Dagger            ||    51
       Punch             ||     1
 Stab: Sleeping          ||     3
Armor: Robe              ||     4
Dodge: Dodged            ||    53

Table legend: (Time is in decaauts)
 A = Elapsed time spent in this place.
 B = Non-inter-level travel time spent in this place.
 C = Inter-level travel time spent in this place.
 D = Time resting spent in this place.
 E = Time spent auto-exploring this place.
 F = Levels seen in this place.
 G = Mean time per level.
                   A        B        C        D        E       F      G
               +--------+--------+--------+--------+--------+-----+--------+
         Total |    566 |    566 |      0 |    290 |    202 |   1 |  566.0 |
       Dungeon |    566 |    566 |      0 |    290 |    202 |   1 |  566.0 |
               +--------+--------+--------+--------+--------+-----+--------+

Top non-repeatable levels by time:
     D:1: 566 daAuts
